 Dungeon Crawl Stone Soup version 0.16-a0-3178-g2c88c44 (console) character file.

2301 hhkb the Transmogrifier (level 9, 0/53 HPs)
             Began as an Octopode Transmuter on Dec 16, 2014.
             Was a Priest of Qazlal.
             Slain by an unseen horror (2 damage)
             ... on level 8 of the Dungeon.
             The game lasted 00:44:33 (11136 turns).

hhkb the Transmogrifier (Octopode Transmuter)      Turns: 11136, Time: 00:44:33

Health: 0/53       AC:  1    Str: 12    XL:     9   Next: 40%
Magic:  14/14      EV: 11    Int: 15    God:    Qazlal [***...]
Gold:   291        SH:  8    Dex: 13    Spells: 3 memorised, 0 levels left

rFire  . . .     SeeInvis .       - Unarmed
rCold  + . .     Clarity  .     e - +0 buckler (curse)
rNeg   . . .     SustAb   .     (helmet restricted)
rPois  .         Gourm    .     (no amulet)
rElec  .         Spirit   .     l - ring of protection from cold {rC+, !d}
rCorr  .         Warding  .     y - ring of teleport control {cTele, !d}
rMut   .         Stasis   .     J - ring of protection from magic (curse) {MR+, !d}
MR     +....                    K - ring of wizardry {Wiz+, !d}
Stlth  ++........               (no ring)
                                (no ring)
                                (no ring)
                                (no ring)

@: about to teleport, somewhat resistant to hostile enchantments, unstealthy
A: almost no armour, amphibious, 8 rings, constrict 8, camouflage 1, gelatinous
body 1
a: Upheaval, Elemental Force, Renounce Religion, Evoke Teleport Control


You were on level 8 of the Dungeon.
You worshipped Qazlal.
Qazlal was most pleased with you.
You were not hungry.

You visited 1 branch of the dungeon, and saw 8 of its levels.
You also visited: Ossuary.

You collected 291 gold pieces.

Inventory:

Hand weapons
 a - a cursed +0 hunting sling
   (You took it off a goblin on level 3 of the Dungeon)
Missiles
 b - 24 arrows
 f - 122 sling bullets
 j - 66 stones
 u - 4 needles of slowing
 v - 7 tomahawks (quivered)
 w - 19 poisoned needles
 x - 8 poisoned sling bullets
 F - 14 silver sling bullets
Armour
 e - a cursed +0 buckler (worn)
   (You found it on level 1 of the Dungeon)
Magical staves
 U - a cursed staff of death {unknown}
   (You found it on level 8 of the Dungeon)
Jewellery
 l - a ring of protection from cold (left tentacle) {rC+, !d}
   (You found it on level 2 of the Dungeon)
 y - a ring of teleport control (right tentacle) {cTele, !d}
   (You took it off a kobold on level 4 of the Dungeon)
 J - a cursed ring of protection from magic (on tentacle) {MR+, !d}
   (You found it on level 6 of the Dungeon)
 K - a ring of wizardry (on tentacle) {Wiz+, !d}
   (You found it in an ossuary)
Magical devices
 H - a wand of cold (9)
   (You found it on level 6 of the Dungeon)
 R - a wand of draining (8)
   (You found it on level 7 of the Dungeon)
Scrolls
 k - 3 scrolls of fear
 m - 2 scrolls of remove curse
 o - a scroll of amnesia
 q - a scroll of blinking {!r}
 s - a scroll of acquirement {unknown}
 t - a scroll of immolation {unknown}
 A - a scroll of recharging {unknown}
 E - a scroll of enchant armour {unknown}
 G - a scroll of teleportation
 I - a scroll of vulnerability {unknown}
 L - a scroll of magic mapping {!r}
 M - a scroll of enchant weapon {unknown}
 O - a scroll of noise {unknown}
 Q - a scroll of torment {unknown}
Potions
 c - a potion of restore abilities
 h - 2 potions of might
 i - 6 potions of curing
 n - 3 potions of flight
 p - a potion of heal wounds
 z - 2 potions of resistance
 B - a potion of agility
 C - a potion of poison {!q}
 D - 2 potions of brilliance
 P - a potion of haste
Books
 d - a book of Changes
 S - a book of Enchantments
   (You found it on level 7 of the Dungeon)
Comestibles
 g - 3 meat rations {@e2}
 r - 3 bread rations {@e1}
 N - a beef jerky
 T - a chunk of flesh {@w0}


   Skills:
 - Level 1.0 Fighting
 - Level 2.0 Dodging
 - Level 1.1 Shields
 + Level 8.8 Unarmed Combat
 - Level 2.0 Spellcasting
 - Level 9.0 Transmutations
 - Level 2.1 Poison Magic


You couldn't memorise any spells.
You knew the following spells:

 Your Spells              Type           Power        Failure   Level  Hunger
a - Ice Form              Ice/Trmt       ###.....     14%         4    #####..
c - Spider Form           Trmt/Pois      ###.......   4%          3    ###....
x - Blade Hands           Trmt           ####......   7%          5    ######.


Dungeon Overview and Level Annotations

Branches:
Dungeon (8/15)
 Temple: D:4-7         Lair: D:8-11

Altars:
Ashenzari
Cheibriados
Makhleb
Nemelex Xobeh
Qazlal

Shops:
D:4 }

Annotations:
D:4 Eustachio
D:5 exclusion: upstairs, RobertPalmer's ghost, experienced OpAr


Innate Abilities, Weirdness & Mutations

You cannot wear most types of armour.
You are amphibious.
You can wear up to eight rings at the same time.
You can use your tentacles to constrict many enemies at once.
Your skin changes colour to match your surroundings (Stealth).
Your rubbery body absorbs attacks (AC +1).


Message History

You start resting.
Health restored: 53 You may need something to eat soon, looking for food.
Items here: )) [ †† a hand axe; a glaive; a chain mail; an orc corpse; an orc corpse Autochopping corpse.
You butcher the orc corpse.
T - 2 chunks of flesh {@w0}
Items here: )) [ † a hand axe; a glaive; a chain mail; an orc corpse Quiver which item? (- for none, * to show all) (? for menu, Esc to quit)
Quivering
v - 11 tomahawks for throwing.
Autoeating chunks.
Eating one of 2 chunks of flesh {@w0}.
You continue eating. x2
Found a stone staircase leading down.
U - a long runed staff
There is a stone staircase leading down here.
You hear a croak.
A giant frog comes into view.
You throw a tomahawk. The tomahawk hits the giant frog.
You throw a tomahawk.
The tomahawk barely misses the giant frog.
You throw a tomahawk. The tomahawk hits the giant frog.
An adder comes into view.
You tentacle-slap the giant frog. You grab the giant frog.
You squeeze the giant frog, but do no damage.
You constrict the giant frog. The giant frog hits you.
You take 6 damage, and have 47/53 hp.
You tentacle-slap the giant frog. You constrict the giant frog.
You kill the giant frog!
Qazlal accepts your kill.
You throw a tomahawk. The tomahawk hits the adder.
You barely miss the adder. Your grab misses the adder. You squeeze the adder.
You kill the adder!
Qazlal accepts your kill.
No target in view!
No target in view!
Things that are here:
an adder corpse; a giant frog corpse
v - 8 tomahawks (gained 1)
v - 9 tomahawks (gained 1)
v - 10 tomahawks (gained 1)
Found a stone staircase leading down.
v - 11 tomahawks (gained 1)
A bat comes into view.
You regained 2 hp, and now have 51/53 hp.
A bat is nearby!
A bat is nearby!
A bat is nearby!
A bat is nearby!
You throw a tomahawk. The tomahawk barely misses the bat.
You block the bat's attack.
You throw a tomahawk. The tomahawk closely misses the bat.
The bat hits you but does no damage. The bat barely misses you.
Your shield prevents you from hitting the bat.
Your grab misses the bat. The bat barely misses you.
You throw a tomahawk. The tomahawk hits the bat.
The bat barely misses you. The bat barely misses you.
You block the bat's attack. The bat closely misses you.
You see here 3 tomahawks.
A bat is nearby!
A bat is nearby!
You barely miss the bat. Your grab misses the bat. You block the bat's attack.
Something hits you!
Deactivating autopickup; reactivate with Ctrl-A.
The bat hits you but does no damage.
You take 7 damage, and have 45/53 hp.
You tentacle-slap the bat but do no damage.
Your grab misses the bat. The bat barely misses you.
The bat hits you but does no damage. Something hits you.
You take 3 damage, and have 42/53 hp.
You closely miss the bat. Your grab misses the bat. The bat hits you.
Something hits you!
You take 9 damage, and have 33/53 hp.
You throw a tomahawk. The tomahawk closely misses the bat.
Something hits you! The bat closely misses you. The bat hits you.
You block the bat's attack.
You take 12 damage, and have 21/53 hp.
MASSIVE DAMAGE!!
Unknown command.
Unknown command.
Unknown command.
Read which item? (? for menu, Esc to quit)
As you read the scroll of teleportation, it crumbles to dust.
You feel strangely unstable. The bat hits you. Something hits you.
The bat misses you.
You take 4 damage, and have 17/53 hp.
You bludgeon the bat!
You kill the bat!
Qazlal accepts your kill. Something hits you.
* * * LOW HITPOINT WARNING * * *
Something hits you!
* * * LOW HITPOINT WARNING * * *
You take 12 damage, and have 5/53 hp.
MASSIVE DAMAGE!!
Something hits you.
* * * LOW HITPOINT WARNING * * *
Something hits you.
You die...

....#...##########>#
#>..............†..#
###.#...############
#.##.## #. #.# #.
#.# #$ #.#
##.##.##.#
#.....(@#.#
##.##.##(## #.# ##
..# ..# ##. #


There were no monsters in sight!

Vanquished Creatures
  Menkaure (D:4)
  2 sky beasts
  A phantom (D:4)
  An orc warrior (D:8)
  2 ice beasts (D:6)
  3 ogres
  Sigmund (D:2)
  2 giant frogs
  7 scorpions
  A goliath beetle (D:6)
  2 crimson imps
  A wight (D:7)
  2 centaur zombies (Ossuary)
  A human zombie (Ossuary)
  4 hounds
  An orc priest (D:8)
  3 worker ants
  An iguana (D:4)
  4 big kobold zombies (Ossuary)
  A worker ant zombie (D:5)
  2 mummies (Ossuary)
  2 scorpion zombies (Ossuary)
  9 adders
  4 gnolls
  2 shadow imps (D:5)
  3 worms
  An adder zombie (D:5)
  An adder skeleton (D:7)
  5 giant geckos
  3 oozes
  10 orcs
  A bat skeleton (D:6)
  6 giant cockroaches
  16 goblins
  10 hobgoblins
  7 jackals (D:4)
  9 kobolds
  3 quokkas
  2 ball pythons (D:4)
  15 bats
  5 giant newts
  3 gnoll zombies (Ossuary)
  2 orc zombies (Ossuary)
  A quokka skeleton (D:4)
  12 rats
175 creatures vanquished.

Vanquished Creatures (collateral kills)
  A scorpion (D:4)
1 creature vanquished.

Vanquished Creatures (others)
  2 scorpions (Ossuary)
  A mummy (Ossuary)
  A goblin zombie (Ossuary)
  A hobgoblin zombie (Ossuary)
5 creatures vanquished.

Grand Total: 181 creatures vanquished

Notes
Turn   | Place    | Note
--------------------------------------------------------------
     0 | D:1      | hhkb, the Octopode Transmuter, began the quest for the Orb.
     0 | D:1      | Reached XP level 1. HP: 13/13 MP: 3/3
   177 | D:1      | Reached skill level 1 in Shields
   177 | D:1      | Reached XP level 2. HP: 8/18 MP: 2/4
   194 | D:1      | Learned a level 2 spell: Sticks to Snakes
   960 | D:1      | Reached XP level 3. HP: 16/23 MP: 6/6
  1485 | D:2      | Learned a level 3 spell: Spider Form
  1529 | D:2      | Reached skill level 4 in Unarmed Combat
  1739 | D:2      | Reached XP level 4. HP: 21/28 MP: 5/7
  2045 | D:2      | Reached skill level 3 in Transmutations
  2185 | D:2      | Found a stormy altar of Qazlal.
  2202 | D:2      | Reached skill level 1 in Poison Magic
  2220 | D:2      | Became a worshipper of Qazlal Stormbringer
  2491 | D:2      | Noticed Sigmund
  2659 | D:3      | Found a sparkling altar of Nemelex Xobeh.
  3002 | D:3      | Reached skill level 2 in Poison Magic
  3162 | D:4      | Noticed Eustachio
  3194 | D:2      | Reached XP level 5. HP: 31/33 MP: 9/9
  3388 | D:2      | Killed Sigmund
  3388 | D:2      | Reached skill level 4 in Transmutations
  3644 | D:4      | Noticed Menkaure
  3680 | D:4      | Found Threumoac's Gadget Emporium.
  3725 | D:4      | Found a shattered altar of Ashenzari.
  3741 | D:4      | Acquired Qazlal's first power
  3769 | D:4      | Noticed an ogre
  3781 | D:4      | Killed an ogre
  3781 | D:4      | Reached skill level 5 in Transmutations
  3781 | D:4      | Reached XP level 6. HP: 10/38 MP: 6/10
  4471 | D:4      | HP: 9/38 [Menkaure (11)]
  4473 | D:4      | Killed Menkaure
  4473 | D:4      | Reached skill level 6 in Transmutations
  4489 | D:4      | dummb
  4768 | D:4      | Reached XP level 7. HP: 30/43 MP: 8/12
  5548 | D:4      | Reached skill level 7 in Transmutations
  5891 | D:5      | Entered Level 5 of the Dungeon
  6136 | D:4      | Acquired Qazlal's second power
  6190 | D:4      | HP: 9/43 [phantom (10)]
  6525 | D:5      | Reached skill level 8 in Transmutations
  6539 | D:5      | Reached XP level 8. HP: 30/48 MP: 11/13
  7487 | D:5      | Found a burning altar of Makhleb.
  7487 | D:5      | Noticed a blizzard demon
  7595 | D:5      | Noticed RobertPalmer's ghost (experienced OpAr)
  7739 | D:6      | Reached skill level 5 in Unarmed Combat
  8108 | D:6      | Reached skill level 9 in Transmutations
  8208 | D:6      | HP: 12/48 [ice beast (4)]
  8209 | D:6      | Reached skill level 6 in Unarmed Combat
  8745 | D:7      | Found a sand-covered staircase.
  8752 | Ossuary  | Entered an ossuary
  9053 | Ossuary  | Reached skill level 7 in Unarmed Combat
  9053 | Ossuary  | Reached XP level 9. HP: 46/53 MP: 12/14
  9104 | Ossuary  | Learned a level 4 spell: Ice Form
  9473 | Ossuary  | Acquired Qazlal's third power
  9627 | Ossuary  | Reached skill level 8 in Unarmed Combat
  9931 | D:7      | Learned a level 5 spell: Blade Hands
 10741 | D:7      | Found a snail-covered altar of Cheibriados.
 11135 | D:8      | HP: 13/53 [something (5)]
 11135 | D:8      | HP: 5/53 [something (8)]
 11136 | D:8      | HP: 2/53 [something (3)]
 11136 | D:8      | Slain by an unseen horror

Action                   |  1- 3 |  4- 6 |  7- 9 || total
-------------------------+-------+-------+-------++-------
Melee: Unarmed           |    73 |   101 |   357 ||   531
 Fire: Hunting sling     |       |    44 |    29 ||    73
Throw: Stone             |    49 |    41 |    77 ||   167
       Tomahawk          |       |       |     8 ||     8
 Cast: Beastly Appendage |     5 |     2 |     1 ||     8
       Spider Form       |       |     5 |    25 ||    30
       Sticks to Snakes  |       |     2 |     4 ||     6
       Blade Hands       |       |       |     1 ||     1
 Abil: End Transformatio |       |     1 |     1 ||     2
  Use: Scroll            |       |       |    19 ||    19
       Potion            |       |       |     1 ||     1
 Stab: Sleeping          |     1 |     2 |       ||     3
       Distracted        |       |     2 |     1 ||     3
  Eat: Chunk             |     3 |     9 |    13 ||    25
       Bread ration      |       |       |     2 ||     2
       Fruit             |       |       |     2 ||     2
       Pizza             |       |       |     1 ||     1

Vault maps used:
D:1:      dpeg_arrival_arbitrary_c
D:2:      grunt_qazlal_clouds, uniq_sigmund
D:3:      nemelex_dance_club_becter
D:4:      lemuel_doored_altar, first_bread, serial_shops, nicolae_shop_crystal,
          uniq_eustachio, uniq_menkaure
D:5:      makhleb_altar_promises_db, minmay_temple_entry_nine_rooms
D:6:      serial_curves, eino_curves_02, eino_curves_01
D:7:      lemuel_round_altar, enter_ossuary_5
D:8:      xom_shifter_show, uniq_joseph
Ossuary:  ossuary_minmay_scorpions

Table legend:
 A = Turns spent in this place as a percentage of turns spent in the entire game.
 B = Non-inter-level travel turns spent in this place as a percentage of non-inter-level travel turns spent in the entire game.
 C = Inter-level travel turns spent in this place as a percentage of turns spent in this place.
 D = Turns resting spent in this place as a percentage of non-inter-level travel turns spent in this place.
 E = Turns spent auto-exploring this place as a percentage of non-inter-level travel turns spent in this place.
 F = Non-inter-level travel turns spent in this place divided by the number of levels of this place that you've seen.
                   A       B       C       D       E      F
               +-------+-------+-------+-------+-------+----------------------
         Total | 100.0 | 100.0 |   0.7 |   4.4 |   5.8 | 457.2
       Dungeon |  87.6 |  87.6 |   0.7 |   4.1 |   6.4 | 450.4
       Ossuary |  12.4 |  12.4 |   0.0 |   6.8 |   2.1 | 512.0
               +-------+-------+-------+-------+-------+----------------------

Table legend:
 A = Kills in this place as a percentage of kills in entire the game.
 B = Kills by you in this place as a percentage of kills by you in the entire game.
 C = Kills by friends in this place as a percentage of kills by friends in the entire game.
 D = Other kills in this place as a percentage of other kills in the entire game.
 E = Experience gained in this place as a percentage of experience gained in the entire game.
 F = Experience gained in this place divided by the number of levels of this place that you have seen.
                   A       B       C       D       E      F
               +-------+-------+-------+-------+-------+----------------------
         Total | 100.0 | 100.0 | 100.0 |  -nan | 100.0 | 365.3
       Dungeon |  87.5 |  87.4 | 100.0 |  -nan |  78.5 | 322.6
       Ossuary |  12.5 |  12.6 |   0.0 |  -nan |  21.5 | 707.0
               +-------+-------+-------+-------+-------+----------------------
